 Dungeon Crawl Stone Soup version 0.24-a0-520-g8fd06ad0bc (webtiles) character file.

Game seed: 5924771252497867692

2883 Gynju the Basher (level 9, -4/76 HPs)
             Began as a Gargoyle Fighter on July 26, 2019.
             Slain by a six-headed hydra (5 damage)
             ... on level 7 of the Dungeon.
             The game lasted 00:08:26 (5829 turns).

Gynju the Basher (Gargoyle Fighter)                 Turns: 5829, Time: 00:08:27

Health: -4/76      AC: 25    Str: 27    XL:     9   Next: 76%
Magic:  9/9        EV:  8    Int: 10    God:
Gold:   214        SH: 12    Dex:  9    Spells: 8/8 levels left

rFire    . . .     SeeInvis .   K - +2 flail (protect)
rCold    . . .     Gourm    .   c - +0 shield
rNeg     + . .     Faith    .   b - +0 scale mail
rPois    ∞         Spirit   .   (no helmet)
rElec    +         Reflect  .   o - +1 cloak {MR+}
rCorr    .         Harm     .   e - +1 pair of gloves
MR       ++...                  J - +0 pair of boots
Stlth    ..........             l - amulet of regeneration
HPRegen  0.62/turn              s - ring of protection from magic
MPRegen  0.11/turn              (no ring)

@: berserking, protection aura, very quick
A: negative energy resistance 1, electricity resistance, unbreathing,
petrification resistance, rot immunity, AC +6
a: no special abilities


You were on level 7 of the Dungeon.
You were not hungry.

You visited 1 branch of the dungeon, and saw 7 of its levels.
You also visited: Sewer.

You collected 214 gold pieces.

Inventory:

Hand Weapons
 a - a +0 flail
 F - a +2 whip of freezing
 K - a +2 flail of protection (weapon)
Armour
 b - a +0 scale mail (worn)
 c - a +0 shield (worn)
 e - a +1 pair of gloves (worn)
 o - a +1 cloak of magic resistance (worn)
 J - a +0 pair of boots (worn)
Jewellery
 k - an uncursed amulet of magic regeneration
 l - an amulet of regeneration (around neck)
 s - a ring of protection from magic (left hand)
 G - an uncursed ring of resist corrosion {unknown}
Wands
 I - a wand of disintegration (18)
Scrolls
 g - 6 scrolls of magic mapping
 n - 5 scrolls of identify {unknown}
 p - 2 scrolls of enchant armour
 q - 2 scrolls of noise {unknown}
 t - 2 scrolls of fog {unknown}
 u - a scroll of fear {unknown}
 v - 6 scrolls of teleportation {unknown}
 x - 2 scrolls of blinking {unknown}
 y - 2 scrolls of enchant weapon {unknown}
 C - a scroll of remove curse
 D - 2 scrolls of amnesia
Potions
 d - 4 potions of might
 h - 6 potions of heal wounds {unknown}
 j - a potion of brilliance {unknown}
 m - a potion of lignification {unknown}
 r - a potion of haste {unknown}
 w - a potion of magic {unknown}
 A - 2 potions of curing {unknown}
 B - a potion of degeneration {unknown}
 E - 2 potions of cancellation {unknown}
 H - a potion of mutation {unknown}
Comestibles
 f - 18 rations
 i - 4 chunks of flesh


   Skills:
 - Level 3.2 Fighting
 + Level 10.5 Maces & Flails
 - Level 3.2 Armour
 + Level 9.4 Shields


You had 8 spell levels left.
You didn't know any spells.
Your spell library was empty.

Dungeon Overview and Level Annotations

Branches:
Dungeon (7/15)
 Temple: D:4-7

Altars:
Fedhas
Kikubaaqudgha
Trog

Annotations:
D:4 2 transporters, xXDeathSunXx's ghost, amateur GnWz
D:6 1 runed translucent door, Crazy Yiuf


Innate Abilities, Weirdness & Mutations

You are resistant to torment.
Your stone body is resilient. (AC +6)
You are immune to poison.
You resist negative energy. (rN+)
You are resistant to electric shocks. (rElec)
You can survive without breathing.
You are immune to petrification.
You are immune to rotting.


Message History

The six-headed hydra barely misses you.
The six-headed hydra bites you but does no damage.
You block the six-headed hydra's attack.
The six-headed hydra bites you but does no damage.
You barely miss the six-headed hydra.
The six-headed hydra is almost dead.
The six-headed hydra bites you but does no damage. x2
You block the six-headed hydra's attack.
The six-headed hydra bites you.
* * * LOW HITPOINT WARNING * * *
You block the six-headed hydra's attack.
The six-headed hydra bites you but does no damage.
A red film seems to cover your vision as you go berserk!
You feel yourself moving faster!
You feel mighty!
You block the six-headed hydra's attack.
The six-headed hydra bites you but does no damage. x2
The six-headed hydra bites you.
* * * LOW HITPOINT WARNING * * *
The six-headed hydra bites you.
You die...

##. #. .# #.. .# #.# .#
#.# # .# #.##.##..
##.#######.....y.⌠
#..........##.##..
##.#..#.≈...# # #.@##
#÷†...## ####D###.#.o[...#
##..oy# #.[..###..#
#..#### ####D# #..#
#####.#### #.### #...
#..>.÷...#######...######.
#.......D.o.............
#.........########...##.
#........## ##....


You could see a six-headed hydra, a vampire mosquito and an orc.

Vanquished Creatures
  Pikel (D:6)
  A cyclops (D:7)
  Sigmund (D:6)
  A wyvern (D:6)
  Menkaure (D:4)
  A water moccasin (D:5)
  A sky beast (D:7)
  A hornet zombie (D:7)
  An ice beast (D:6)
  An ogre (D:5)
  4 centaurs
  2 bullfrogs (Sewer)
  A quasit (D:6)
  A bullfrog skeleton (D:5)
  3 hounds
  An orc wizard (D:4)
  5 worker ants
  3 iguanas
  A hound skeleton (D:5)
  13 adders
  7 river rats (Sewer)
  2 shadow imps
  3 oozes
  3 worms
  6 dart slugs
  7 leopard geckos
  14 orcs
  9 bats
  3 giant cockroaches
  10 goblins
  7 hobgoblins
  5 jackals
  4 quokkas
  14 ball pythons
  8 frilled lizards
  A jackal skeleton (D:7)
  8 kobolds
  27 rats
  A rat zombie (D:5)
183 creatures vanquished.

Vanquished Creatures (others)
  A slave (D:6)
1 creature vanquished.

Grand Total: 184 creatures vanquished

Notes
Turn   | Place    | Note
-------+----------+-------------------------------------------
     0 | D:1      | Gynju the Gargoyle Fighter began the quest for the Orb.
     0 | D:1      | Reached XP level 1. HP: 14/14 MP: 1/1
   450 | D:1      | Reached XP level 2. HP: 19/19 MP: 2/2
   796 | D:1      | Reached skill level 3 in Maces & Flails
   803 | D:1      | Reached XP level 3. HP: 16/23 MP: 3/3
  1174 | D:2      | Reached XP level 4. HP: 28/28 MP: 4/4
  1365 | D:2      | Reached skill level 4 in Maces & Flails
  1526 | D:2      | Reached XP level 5. HP: 32/32 MP: 5/5
  1838 | D:3      | Found a blossoming altar of Fedhas.
  1916 | D:3      | Found a glowing drain.
  1925 | Sewer    | Entered a sewer
  2172 | Sewer    | Reached skill level 5 in Maces & Flails
  2212 | Sewer    | Reached XP level 6. HP: 37/37 MP: 6/6
  2309 | Sewer    | Reached skill level 5 in Shields
  2399 | D:3      | Reached skill level 6 in Maces & Flails
  2662 | D:3      | Reached XP level 7. HP: 41/41 MP: 7/7
  2990 | D:4      | Found a transporter.
  3001 | D:4      | Noticed Menkaure
  3010 | D:4      | Killed Menkaure
  3115 | D:4      | Found a transporter.
  3115 | D:4      | Noticed xXDeathSunXx's ghost (amateur GnWz)
  3834 | D:5      | Entered Level 5 of the Dungeon
  3851 | D:5      | Reached skill level 7 in Maces & Flails
  3915 | D:5      | Found a bloodstained altar of Trog.
  3931 | D:5      | Reached XP level 8. HP: 37/46 MP: 8/8
  4128 | D:5      | Reached skill level 8 in Maces & Flails
  4470 | D:5      | Found an ancient bone altar of Kikubaaqudgha.
  4488 | D:5      | Found the +6 Majin-Bo {vamp, Archmagi MP+6 Int+6}
  4627 | D:6      | Noticed Pikel
  4662 | D:6      | Killed Pikel
  4662 | D:6      | Reached skill level 9 in Maces & Flails
  4662 | D:6      | Reached XP level 9. HP: 12/51 MP: 9/9
  4912 | D:6      | Noticed Sigmund
  4957 | D:6      | Killed Sigmund
  5011 | D:6      | Found a runed translucent door.
  5012 | D:6      | Noticed Crazy Yiuf
  5543 | D:7      | Noticed a cyclops
  5554 | D:7      | Noticed a gargoyle
  5558 | D:7      | Killed a cyclops
  5558 | D:7      | Reached skill level 10 in Maces & Flails
  5782 | D:7      | Noticed a six-headed hydra
  5829 | D:7      | HP: 1/76 [six-headed hydra (5)]
  5829 | D:7      | Slain by a six-headed hydra

Levels and vault maps discovered:
D:1:      dpeg_arrival_tiny_g, layout_loops_ring, minmay_tetromino_i4
D:2:      layout_basic, hangedman_decor_slide_cut
D:3:      layout_basic, fedhas_ov_isle_minmay, cheibrodos_sewer_entry_sluice
D:4:      layout_basic, gammafunk_ghost_arena, kennysheep_small_square,
          uniq_menkaure
D:5:      layout_basic, lemuel_zombie_altar_kikubaaqudgha, first_ration,
          trog_butcher_becter
D:6:      layout_loops_ring, uniq_crazy_yiuf_cottage, uniq_pikel, uniq_sigmund
D:7:      minmay_the_grid_octo_2x2 [minmay_the_grid_octo_pinwheel,
          minmay_the_grid_octo_fat_diamond, minmay_the_grid_octo_checkerflower,
          minmay_the_grid_octo_prize_square_snowflake], layout_rooms,
          lemuel_crystal_altar, minmay_temple_entry_wispy, serial_shops,
          nicolae_shop_waterfront

Skill      XL: |  1  2  3  4  5  6  7  8  9 |
---------------+----------------------------+-----
Maces & Flails | 3 4 5 6 7 9 10 | 10.5
Shields        | 4 5 6 7 9 |  9.4
Fighting       | |  3.2
Armour         | |  3.2

Action                   |  1- 3 |  4- 6 |  7- 9 || total
-------------------------+-------+-------+-------++-------
Melee: Flail             |   144 |   429 |   250 ||   823
       Whip              |       |       |   244 ||   244
  Use: Scroll            |       |     5 |       ||     5
       Potion            |       |       |     1 ||     1
  Eat: Chunk             |     1 |     6 |    11 ||    18
Armor: Scale mail        |   111 |   383 |   274 ||   768
       Plate armour      |       |    77 |       ||    77
Dodge: Dodged            |    68 |   200 |   140 ||   408
Block: Shield            |    82 |   377 |   286 ||   745

Table legend:
 A = Non-vault XP
 B = Vault XP
 C = Vault XP percentage of total XP
 D = Non-vault monster count
 E = Vault monster count
 F = Vault count percentage of total count
                 A         B        C        D         E       F
            +---------+---------+-------+---------+---------+-------
      Total |    1793 |    2326 |  56.5 |     110 |      73 |  39.9
            +---------+---------+-------+---------+---------+-------
        D:1 |      30 |      10 |  25.0 |      15 |       4 |  21.1
        D:2 |     127 |       0 |   0.0 |      29 |       0 |   0.0
        D:3 |      75 |      14 |  15.7 |      25 |       4 |  13.8
        D:4 |     180 |     169 |  48.4 |      13 |       1 |   7.1
        D:5 |     709 |      10 |   1.4 |      12 |       5 |  29.4
        D:6 |     356 |    1072 |  75.1 |      10 |       3 |  23.1
        D:7 |     316 |     673 |  68.0 |       6 |       8 |  57.1
      Sewer |       0 |     378 | 100.0 |       0 |      48 | 100.0
            +---------+---------+-------+---------+---------+-------
